 Dungeon Crawl Stone Soup version v3.33-hellcrawl-189-gd9da4bb (webtiles) character file.

6739 tatters the Grappler (level 12, 0/87 HPs)
             Began as a Demonspawn Wanderer on Oct 9, 2017.
             Was an Elder of Hepliaklqana.
             Slain by a very large slime creature (39 damage)
             ... on level 13 of the Dungeon on Oct 11, 2017.
             The game lasted 00:39:06 (11055 turns).

tatters the Grappler (Demonspawn Wanderer)         Turns: 11055, Time: 00:39:07

Health: 0/87       AC: 12 (24%)Str: 20  XL:     12   Next: 31%
Magic:  15/19      EV: 19    Int: 11    God:    Hepliaklqana [4*[115]]
Gold:   258        SH: 14    Dex: 13    Spells: 11/11 levels left

rFire    . . .     SeeInvis +     - Unarmed
rCold    + . .     Faith    .   f - +0 shield
rNeg     + . .     Spirit   .   H - +3 ring mail of Chimes {SInv}
rPois    .         Reflect  .   (no helmet)
rElec    .                      b - +0 cloak
rCorr    .                      (no gloves)
MR       .....                  S - +0 pair of boots
Stlth    +.........             t - amulet of regeneration
Regen    0.7/turn               L - +3 ring of evasion
MPRegen  0.3/turn               p - +3 ring of evasion

@: no status effects
A: reduced essence, claws 1, large bone plates 2, cold resistance 1, negative
energy resistance 1, powered by death 2, freezing cloud immunity
a: Recall Ancestor, Ancestor Identity, Transference, Idealise, Renounce Religion


You were on level 13 of the Dungeon.
You worshipped Hepliaklqana.
Hepliaklqana was greatly pleased with you.
You were not hungry.

You visited 1 branch of the dungeon, and saw 13 of its levels.
You visited 1 bazaar.

You collected 2422 gold pieces.
You spent 2164 gold pieces at shops.

Inventory:

Hand Weapons
 a - a +2 trident of venom
 K - a +1 dagger of electrocution
 Y - a +3 hand axe of freezing
Missiles
 c - 666 bolts
 n - 1668 arrows
 C - 132 tomahawks (quivered)
 Z - 6 frenzy darts
Armour
 b - a +0 cloak (worn)
 f - a +0 shield (worn)
 i - a +2 leather armour of cold resistance
 u - a +2 robe of the Archmagi
 H - the +3 ring mail of Chimes (worn) {SInv}
   (You found it on level 4 of the Dungeon)

   It lets you see invisible.
 P - a +1 pair of gloves
 S - a +0 pair of boots (worn)
Magical Staves
 h - an uncursed staff of wizardry
Jewellery
 m - an uncursed ring of ice
 p - a +3 ring of evasion (right claw)
 t - an amulet of regeneration (around neck)
 A - an uncursed ring of positive energy
 B - an uncursed amulet of rage
 J - an uncursed amulet of guardian spirit
 L - a +3 ring of evasion (left claw)
 U - an uncursed ring of resist corrosion
Wands
 x - a wand of lightning (5)
 z - a wand of confusion (23)
 N - a wand of paralysis (8)
 O - a wand of flame (32)
Scrolls
 k - 16 scrolls of teleportation
 q - 6 scrolls of enchant weapon
 v - a scroll of enchant armour
 w - a scroll of torment
 y - 8 scrolls of magic mapping
 D - 2 scrolls of blinking
 E - 6 scrolls of fear
 I - a scroll of immolation
 M - 2 scrolls of fog
 Q - a scroll of brand weapon
 R - 4 scrolls of silence
 T - a scroll of acquirement
 W - 2 scrolls of amnesia
Potions
 d - 2 potions of lignification
 e - a potion of flight
 g - 5 potions of augmentation
 j - 4 potions of curing
 l - 7 potions of heal wounds
 r - 2 potions of mutation
 s - a potion of berserk rage
 F - a potion of magic
 V - a potion of resistance
 X - a potion of cancellation
Miscellaneous
 G - a sack of spiders


   Skills:
 - Level 10.0 Fighting
 - Level 1.0 Crossbows
 - Level 6.5 Armour
 - Level 8.7 Dodging
 - Level 1.7 Stealth
 - Level 1.0 Shields
 + Level 10.6 Unarmed Combat
 - Level 9.7 Invocations
 * Level 2.5 Evocations


You had 11 spell levels left.
You didn't know any spells.

Dungeon Overview and Level Annotations

Branches:
Dungeon (13/15)

Altars:
Cheibriados
Dithmenos
Elyvilon
Gozag
Hepliaklqana
Kikubaaqudgha
Makhleb
Nemelex Xobeh
Okawaru
Qazlal
Ru
Sif Muna
Trog
Uskayaw
Vehumet
Xom
Yredelemnul
Zin
The Shining One

Shops:
D:10 !

Annotations:
D:10 Erolcha


Innate Abilities, Weirdness & Mutations

You have sharp fingernails.
You are mostly covered in large bone plates. (SH +6)
Your flesh is cold resistant. (rC+)
You resist negative energy. (rN+)
You regenerate health from kills.
You are immune to freezing clouds.
Your life essence is reduced. (-10% HP)


Message History

You claw the large slime creature (7)!
The large slime creature is moderately wounded.
Zdislav gestures at the large slime creature while chanting.
The stone arrow hits the large slime creature (19).
The large slime creature hits Zdislav (33)!!
Two slime creatures merge to form a very large slime creature.
Unknown command.
You mangle the very large slime creature (23)!!
The very large slime creature is moderately wounded.
The blink frog blinks!
Zdislav barely misses the very large slime creature.
You scratch the very large slime creature but do no damage.
The very large slime creature is moderately wounded.
The very large slime creature hits you (49)!!!
Ouch! That really hurt!
Hepliaklqana grants Zdislav healing and protection!
Zdislav is healed somewhat.
Zdislav hits the very large slime creature with a +0 quarterstaff (23)!!
The very large slime creature hits you (39)!!!
You die...

##### ...... .....F###
###########
....JFJR#####.......#.##
.....F#@...##.###.#R#.'.
..J.. ####..#.#...#...#.
.... ##.'.#R#####.#. ...
###...#...R.## #+
########'## #.# #.# #.#
#.#


You could see the friendly Zdislav the battlemage, a very large slime creature,
a slime creature and 2 blink frogs.

Vanquished Creatures
  3 two-headed ogres
  An ugly thing (D:12)
  A deep elf mage (D:9)
  A manticore (D:12)
  2 spiny frogs
  2 trolls
  3 slime creatures (D:12)
  Grinder (D:4)
  A black mamba zombie (D:9)
  Sigmund (D:6)
  4 yaks (D:10)
  3 wyverns
  A steam dragon (D:10)
  An angry ghost (D:10)
  4 ice beasts
  2 orc warriors
  A spiny frog skeleton (D:7)
  6 ogres
  7 centaurs
  A blink frog skeleton (D:12)
  A bullfrog (D:6)
  A wyvern zombie (D:10)
  4 scorpions
  2 crimson imps
  19 killer bees
  6 wights
  A quasit (D:5)
  3 centaur zombies
  A bullfrog skeleton (D:4)
  3 orc priests
  A hound (D:7)
  A jelly (D:10)
  Jessica (D:2)
  4 orc wizards
  3 worker ants
  An iguana (D:7)
  A hound skeleton (D:4)
  3 adders
  4 shadow imps
  2 dart slugs
  17 orcs
  6 quokkas
  4 giant cockroaches
  7 goblins
  7 hobgoblins
  18 jackals
  5 kobolds
  7 bats
  4 frilled lizards
  10 rats
193 creatures vanquished.

Vanquished Creatures (collateral kills)
  Snorg (D:12)
  Josephine (D:11)
  Erica (D:11)
  2 unseen horrors (D:12)
  An ugly thing (D:11)
  A gargoyle (D:13)
  2 trolls
  3 blink frogs (D:13)
  A black mamba zombie (D:12)
  A shadow (D:11)
  A wyvern (D:11)
  4 wraiths (D:11)
  A steam dragon (D:11)
  An angry ghost (D:10)
  A water moccasin (D:8)
  A spiny frog skeleton (D:11)
  An ice beast (D:10)
  A blink frog zombie (D:12)
  A wasp (D:9)
  2 orc warriors
  An ogre (D:5)
  3 centaurs
  A blink frog skeleton (D:11)
  A crimson imp (D:7)
  6 killer bees (D:11)
  8 wights
  A centaur zombie (D:11)
  A hound (D:8)
  2 jellies
  An orc priest (D:4)
  2 orc wizards
  A worker ant (D:4)
  An iguana (D:5)
  9 orcs
  A quokka (D:4)
67 creatures vanquished.

Vanquished Creatures (others)
  An orc warrior (D:12)
  A centaur (D:12)
  An orc priest (D:12)
  3 battlemagi (D:12)
  10 ancestors
  2 orcs (D:12)
18 creatures vanquished.

Grand Total: 278 creatures vanquished

Notes
Turn   | Place    | Note
-------+----------+-------------------------------------------
     0 | D:1      | tatters the Demonspawn Wanderer began the quest for the Orb.
     0 | D:1      | tatters set off with: a +0 shield, a +0 hand crossbow, 186 bolts, a potion of lignification, a +0 robe, a +0 dagger
     0 | D:1      | Reached XP level 1. HP: 18/18 MP: 1/1
   164 | D:1      | Gained mutation: You are partially covered in large bone plates. (SH +4) [demonic ancestry]
   164 | D:1      | Reached XP level 2. HP: 24/24 MP: 2/2
   597 | D:1      | Gained mutation: Your flesh is cold resistant. (rC+) [demonic ancestry]
   597 | D:1      | Reached XP level 3. HP: 29/29 MP: 3/3
   868 | D:2      | Found a white marble altar of Elyvilon.
  1142 | D:2      | Reached XP level 4. HP: 24/35 MP: 4/4
  1294 | D:2      | Found an iron altar of Okawaru.
  1296 | D:2      | Noticed Jessica
  1300 | D:2      | Killed Jessica
  1363 | D:2      | Noticed a moth of wrath
  1366 | D:2      | Found a bloodstained altar of Trog.
  1819 | D:3      | Found a shimmering altar of Xom.
  1891 | D:3      | Found a snail-covered altar of Cheibriados.
  1950 | D:3      | Reached XP level 5. HP: 39/41 MP: 5/5
  2175 | D:3      | Found a deep blue altar of Sif Muna.
  2321 | D:3      | Reached skill level 5 in Armour
  2810 | D:4      | Found a hide-covered altar of Uskayaw.
  2843 | D:4      | Noticed Grinder
  2848 | D:4      | Found a hazy altar of Hepliaklqana.
  2856 | D:4      | Became a worshipper of Hepliaklqana the Forgotten
  2889 | D:4      | Found a stormy altar of Qazlal.
  2953 | D:4      | Found a sacrificial altar of Ru.
  2953 | D:4      | Found an ancient bone altar of Kikubaaqudgha.
  2967 | D:4      | Gained mutation: You are immune to freezing clouds. [demonic ancestry]
  2967 | D:4      | Reached XP level 6. HP: 40/42 MP: 6/6
  3195 | D:4      | Got the +3 ring mail of Chimes {SInv}
  3337 | D:4      | Paralysed by Grinder for 2 turns
  3359 | D:4      | Killed Grinder
  3359 | D:4      | Reached skill level 5 in Fighting
  3359 | D:4      | Gained mutation: You have sharp fingernails. [demonic ancestry]
  3359 | D:4      | Reached XP level 7. HP: 50/50 MP: 7/7
  3475 | D:4      | Found an opulent altar of Gozag.
  3478 | D:4      | Reached skill level 1 in Unarmed Combat
  3611 | D:5      | Entered Level 5 of the Dungeon
  3665 | D:5      | Reached * piety under Hepliaklqana
  3717 | D:5      | Noticed a troll
  3723 | D:5      | Killed a troll
  4151 | D:5      | Gained mutation: You regenerate a little health from kills. [demonic ancestry]
  4151 | D:5      | Reached XP level 8. HP: 60/60 MP: 8/8
  4603 | D:6      | Found a sparkling altar of Nemelex Xobeh.
  4630 | D:6      | Found a shadowy altar of Dithmenos.
  4669 | D:6      | Noticed Sigmund
  4693 | D:6      | Killed Sigmund
  4696 | D:6      | Found a radiant altar of Vehumet.
  4763 | D:6      | Reached ** piety under Hepliaklqana
  4871 | D:6      | Found a glowing silver altar of Zin.
  5085 | D:6      | Found a burning altar of Makhleb.
  5280 | D:6      | Found a glowing golden altar of the Shining One.
  5345 | D:6      | Reached skill level 10 in Fighting
  5509 | D:7      | Reached skill level 1 in Invocations
  5576 | D:7      | Gained mutation: You are mostly covered in large bone plates. (SH +6) [demonic ancestry]
  5576 | D:7      | Reached XP level 9. HP: 70/70 MP: 10/10
  5932 | D:7      | Got the +0 robe of Restlessness {rPois rC+}
  6165 | D:7      | Found a basalt altar of Yredelemnul.
  6302 | D:8      | Noticed a two-headed ogre
  6311 | D:8      | Killed a two-headed ogre
  6336 | D:8      | Found a basalt altar of Yredelemnul.
  6397 | D:8      | Reached skill level 5 in Dodging
  6693 | D:8      | Reached *** piety under Hepliaklqana
  7140 | D:9      | Reached skill level 5 in Invocations
  7140 | D:9      | Reached XP level 10. HP: 76/76 MP: 13/13
  7343 | D:9      | Noticed a deep elf mage
  7350 | D:9      | Killed a deep elf mage
  7582 | D:10     | Entered Level 10 of the Dungeon
  7936 | D:10     | Reached **** piety under Hepliaklqana
  7988 | D:10     | Noticed Erolcha
  8726 | D:10     | Found Guilu's Distillery.
  8726 | D:10     | Noticed a spiny frog
  8733 | D:10     | Killed a spiny frog
  8739 | D:10     | Bought a potion of heal wounds for 70 gold pieces
  8841 | D:10     | Bought a potion of augmentation for 70 gold pieces
  8841 | D:10     | Bought a potion of augmentation for 70 gold pieces
  8891 | D:11     | Remembered your ancestor Zdislav as a battlemage
  8910 | D:11     | Gained mutation: You regenerate health from kills. [demonic ancestry]
  8910 | D:11     | Reached XP level 11. HP: 74/81 MP: 18/18
  9232 | D:11     | Noticed Erica
  9241 | D:11     | Noticed a green ugly thing
  9497 | D:11     | Reached skill level 5 in Unarmed Combat
  9528 | D:11     | Killed a green ugly thing
  9533 | D:11     | Killed Erica
  9750 | D:11     | Noticed Josephine
  9761 | D:11     | Killed Josephine
 10010 | D:12     | Found a gateway to a bazaar.
 10157 | D:12     | Noticed a cyan ugly thing
 10185 | D:12     | Killed a cyan ugly thing
 10256 | D:12     | Noticed a two-headed ogre
 10267 | D:12     | Killed a two-headed ogre
 10346 | D:12     | Noticed an unseen horror
 10350 | D:12     | Killed an unseen horror
 10362 | D:12     | Gained mutation: You resist negative energy. (rN+) [demonic ancestry]
 10362 | D:12     | Reached XP level 12. HP: 87/87 MP: 19/19
 10367 | D:12     | Noticed Snorg
 10437 | D:12     | Noticed a two-headed ogre
 10451 | D:12     | Killed a two-headed ogre
 10451 | D:12     | Reached skill level 10 in Unarmed Combat
 10706 | D:12     | Killed Snorg
 10794 | Bazaar   | Entered a bazaar
 10794 | Bazaar   | Found Urosox's Antique Armour Boutique.
 10794 | Bazaar   | Found Naduw's Magic Scroll Shoppe.
 10794 | Bazaar   | Found Mippea's Magic Scroll Shop.
 10794 | Bazaar   | Found Ymaa's Gadget Shoppe.
 10796 | Bazaar   | Found Siovabbaesch's Book Emporium.
 10846 | Bazaar   | Bought a scroll of acquirement for 676 gold pieces
 10862 | Bazaar   | Bought a scroll of magic mapping for 45 gold pieces
 10862 | Bazaar   | Bought a scroll of teleportation for 39 gold pieces
 10862 | Bazaar   | Bought a scroll of acquirement for 676 gold pieces
 10862 | Bazaar   | Bought a scroll of magic mapping for 45 gold pieces
 10862 | Bazaar   | Bought a scroll of teleportation for 39 gold pieces
 10871 | Bazaar   | Bought a scroll of teleportation for 42 gold pieces
 10871 | Bazaar   | Bought a scroll of teleportation for 42 gold pieces
 10871 | Bazaar   | Bought a scroll of fear for 49 gold pieces
 10871 | Bazaar   | Bought a scroll of fear for 49 gold pieces
 10871 | Bazaar   | Bought a scroll of teleportation for 42 gold pieces
 10886 | Bazaar   | Bought a scroll of silence for 105 gold pieces
 10886 | Bazaar   | Bought a scroll of silence for 105 gold pieces
 11055 | D:13     | Slain by a very large slime creature

Skill      XL: |  1  2  3  4  5  6  7  8  9 10 11 12 |
---------------+-------------------------------------+-----
Armour         | 2 3 4 5 6 |  6.5
Fighting       | 5 7 10 | 10.0
Unarmed Combat | 1 9 10 | 10.6
Invocations    | 2 5 9 |  9.7
Dodging        | 6 8 |  8.7
Evocations     | 2 |  2.5
Crossbows      | |  1.0
Stealth        | |  1.7
Shields        | |  1.0

Action                   |  1- 3 |  4- 6 |  7- 9 | 10-12 || total
-------------------------+-------+-------+-------+-------++-------
Melee: Dagger            |   103 |       |       |       ||   103
       Spear             |   145 |   101 |       |       ||   246
       War axe           |       |    78 |       |       ||    78
       Trident           |       |    27 |   227 |   248 ||   502
       Unarmed           |       |       |       |   173 ||   173
       Hand axe          |       |       |       |    19 ||    19
 Fire: Hand crossbow     |    33 |     9 |       |       ||    42
Throw: Stone             |       |     1 |       |       ||     1
       Poisoned dart     |       |     2 |       |       ||     2
       Frenzy dart       |       |       |       |     2 ||     2
Invok: Transference      |       |       |       |     1 ||     1
       Ancestor Life: Ba |       |       |       |     1 ||     1
       Idealise          |       |       |       |     2 ||     2
       Recall Ancestor   |       |       |       |     1 ||     1
 Abil: Evoke Berserk Rag |       |     1 |       |       ||     1
Evoke: Wand              |       |     1 |       |     1 ||     2
  Use: Potion            |       |     1 |       |     1 ||     2
       Scroll            |       |       |       |     1 ||     1
 Stab: Distracted        |       |       |     3 |    13 ||    16
       Sleeping          |       |       |     1 |     1 ||     2
       Confused          |       |       |       |     2 ||     2
Armor: Chain mail        |   136 |    91 |    41 |       ||   268
       Ring mail         |       |       |    10 |   113 ||   123
       Skin              |       |       |       |    50 ||    50
Dodge: Dodged            |    37 |    44 |    43 |   285 ||   409
Block: Shield            |   170 |   124 |   105 |   326 ||   725
